 Dungeon Crawl Stone Soup version 0.20-a0-927-g1ae2c61 (webtiles) character file.

8569 nikopol the Fighter (level 11, -9/101 HPs)
             Began as a Minotaur Berserker on Mar 29, 2017.
             Was a High Priest of Trog.
             Blown up by an eye of devastation (50 damage)
             ... with a bolt of energy
             ... on level 1 of the Abyss.
             The game lasted 00:19:25 (9025 turns).

nikopol the Fighter (Minotaur Berserker)            Turns: 9025, Time: 00:19:25

Health: -9/101     AC: 15    Str: 21    XL:     11   Next: 11%
Magic:  10/10      EV: 15    Int:  4    God:    Trog [*****.]
Gold:   423        SH:  0    Dex: 14    Spells: 10/10 levels left

rFire    + + +     SeeInvis +   U - +1 battleaxe (flame)
rCold    x . .     Gourm    +   (shield currently unavailable)
rNeg     . . .     Faith    .   J - +0 fire dragon scales
rPois    .         Spirit   .   (helmet restricted)
rElec    .         Reflect  .   i - +1 cloak {+Inv}
rCorr    .         Harm     .   T - +0 pair of gloves
MR       ++...     Rnd*Tele +   (no boots)
Stlth    ..........             F - amulet of the gourmand
Regen    1.3/turn               h - ring of protection from fire
MPRegen  0.2/turn               m - ring of see invisible

@: regenerating
A: retaliatory headbutt, horns 2, teleportitis 1
a: Berserk, Trog's Hand, Brothers in Arms, Burn Spellbooks, Renounce Religion,
Evoke Invisibility


You were on level 1 of the Abyss.
You worshipped Trog.
Trog was extremely pleased with you.
You were very full.

You visited 1 branch of the dungeon, and saw 9 of its levels.
You visited the Abyss 1 time.

You collected 423 gold pieces.

Inventory:

Hand Weapons
 a - a +0 war axe
 N - a +0 hand axe
 U - a +1 battleaxe of flaming (weapon)
Missiles
 K - 22 arrows (quivered)
Armour
 i - a +1 cloak of invisibility (worn)
 H - a +0 scale mail
 J - +0 fire dragon scales (worn)
 T - a +0 pair of gloves (worn)
Jewellery
 h - a ring of protection from fire (left hand)
 m - a ring of see invisible (right hand)
 F - an amulet of the gourmand (around neck)
 L - an uncursed ring of flight {unknown}
Wands
 b - a wand of paralysis (13/24)
 y - a wand of paralysis (10/24)
 A - a wand of clouds (3/9)
Scrolls
 e - 2 scrolls of blinking
 f - 3 scrolls of identify
 g - 2 scrolls of fog {unknown}
 k - 2 scrolls of random uselessness {unknown}
 l - 4 scrolls of remove curse
 o - 4 scrolls of teleportation {unknown}
 r - 4 scrolls of recharging {unknown}
 u - 6 scrolls of enchant weapon {unknown}
 B - a scroll of fear {unknown}
 C - a scroll of immolation {unknown}
 E - 2 scrolls of noise {unknown}
 I - a scroll of brand weapon {unknown}
 M - a scroll of acquirement {unknown}
 O - a scroll of enchant armour {unknown}
Potions
 d - a potion of flight {unknown}
 n - a potion of berserk rage {unknown}
 p - 2 potions of curing {unknown}
 q - 3 potions of cancellation
 s - 2 potions of heal wounds {unknown}
 t - a potion of lignification {unknown}
 v - 4 potions of haste {unknown}
 w - 3 potions of brilliance {unknown}
 z - a potion of mutation {unknown}
 D - a potion of invisibility {unknown}
 G - a potion of magic {unknown}
 P - a potion of might {unknown}
 Q - a potion of resistance {unknown}
Comestibles
 c - 7 bread rations
 j - 4 meat rations
 x - 6 royal jellies
 R - 12 fruits
 S - 3 chunks of flesh


   Skills:
 + Level 10.9 Fighting
 + Level 10.9 Axes
 + Level 10.6 Armour
 + Level 9.7 Dodging


You had 10 spell levels left.
You didn't know any spells.

Dungeon Overview and Level Annotations

Branches:
Dungeon (9/15)             Temple (0/1) D:4
   Lair: D:8-11         Orc: D:9-12

Altars:
Dithmenos
Gozag
Kikubaaqudgha
Nemelex Xobeh
Sif Muna
Trog
Xom
The Shining One

Annotations:
D:9 Psyche


Innate Abilities, Weirdness & Mutations

You reflexively headbutt those who attack you in melee.
You have a pair of horns on your head.
You are occasionally teleported next to monsters.


Message History

You feel weirdly uncertain.
You slice the neqoxec!! You burn the neqoxec.
You kill the neqoxec!
Trog accepts your kill.
A large abomination comes into view.
An eye of devastation comes into view.
The eye of devastation turns its gaze towards you.
The eye of devastation gazes at you. The bolt of energy misses you.
You completely miss the eye of devastation.
The eye of devastation gazes at you. The bolt of energy hits you!
You are too injured to fight recklessly!
You are too injured to fight recklessly!
You hit the eye of devastation. You burn the eye of devastation.
You headbutt the eye of devastation, but do no damage.
The eye of devastation is lightly wounded.
The eye of devastation gazes at you. The bolt of energy hits you!
You die...

..#.# # # S. #.#.#
. #.#.# # #.#.# #
#.#.# #.#.# ## #
#.# # ..
##.#####.#.#.###..
........@#.G...'..
......#..GX..###.
.................
#############.##..
#.# ##


You could see an eye of devastation and a large abomination.

Vanquished Creatures
  A hydra (D:8)
  A naga warrior (Abyss:1)
  An unseen horror (Abyss:1)
  A salamander (Abyss:1)
  A guardian serpent (Abyss:1)
  2 hornets (D:8)
  Prince Ribbit (D:6)
  3 hippogriffs
  2 dream sheep (D:8)
  Sigmund (D:4)
  Eustachio (D:4)
  2 yaks (D:8)
  A neqoxec (Abyss:1)
  Menkaure (D:6)
  A chaos spawn (Abyss:1)
  A naga (Abyss:1)
  2 orc warriors
  2 ice beasts
  A necrophage (D:9)
  2 ogres
  3 sky beasts
  A phantom (D:7)
  3 big kobolds (D:8)
  3 bullfrogs
  A water moccasin zombie (D:7)
  A wyvern zombie (D:7)
  A scorpion (D:7)
  8 killer bees
  4 wights (D:7)
  2 howler monkeys (D:8)
  A crimson imp (D:6)
  A centaur zombie (D:6)
  Crazy Yiuf (D:6)
  4 hounds
  7 orc priests
  12 orc wizards
  A gnoll shaman (D:5)
  An iguana (D:6)
  Jessica (D:2)
  A bullfrog skeleton (D:4)
  A centaur skeleton (D:5)
  2 worker ants
  Natasha (thrice) (D:2)
  3 hound zombies
  A hound skeleton (D:5)
  10 gnolls
  6 adders
  A white imp (Abyss:1)
  An ooze (D:2)
  An adder skeleton (D:8)
  An adder zombie (D:9)
  3 worms
  4 dart slugs
  2 leopard geckos
  25 orcs
  7 giant cockroaches
  9 goblins
  4 hobgoblins
  5 jackals
  5 quokkas
  2 ball pythons
  6 bats
  7 frilled lizards
  9 kobolds
  A leopard gecko skeleton (D:5)
  A quokka skeleton (D:6)
  6 rats
211 creatures vanquished.

Notes
Turn   | Place    | Note
-------+----------+-------------------------------------------
     0 | D:1      | nikopol the Minotaur Berserker began the quest for the Orb.
     0 | D:1      | Reached XP level 1. HP: 19/19 MP: 0/0
   170 | D:1      | Reached XP level 2. HP: 23/27 MP: 1/1
   867 | D:1      | Reached XP level 3. HP: 33/33 MP: 2/2
   948 | D:2      | Found a sparkling altar of Nemelex Xobeh.
   952 | D:2      | Noticed Natasha
   960 | D:2      | Killed Natasha
  1174 | D:2      | Noticed Natasha
  1175 | D:2      | Reached XP level 4. HP: 37/40 MP: 3/3
  1184 | D:2      | Killed Natasha
  1184 | D:2      | Reached ** piety under Trog
  1375 | D:2      | Found a faded altar of an unknown god.
  1375 | D:2      | Found an opulent altar of Gozag.
  1380 | D:2      | Found a faded altar of an unknown god.
  1384 | D:2      | Found a shadowy altar of Dithmenos.
  1386 | D:2      | Found a shimmering altar of Xom.
  1625 | D:2      | Noticed Jessica
  1633 | D:2      | Killed Jessica
  1633 | D:2      | Reached XP level 5. HP: 47/47 MP: 4/4
  1654 | D:2      | Noticed Natasha
  1658 | D:2      | Killed Natasha
  2023 | D:3      | Reached skill level 5 in Axes
  2044 | D:3      | Reached *** piety under Trog
  2597 | D:4      | Noticed Eustachio
  2609 | D:4      | Killed Eustachio
  2609 | D:4      | Reached skill level 5 in Fighting
  2609 | D:4      | Reached XP level 6. HP: 47/56 MP: 5/5
  2960 | D:4      | Found a staircase to the Ecumenical Temple.
  2967 | D:4      | Reached XP level 7. HP: 56/61 MP: 6/6
  3000 | D:4      | Reached skill level 5 in Armour
  3151 | D:4      | Noticed Sigmund
  3157 | D:4      | Killed Sigmund
  3157 | D:4      | Reached skill level 5 in Dodging
  3515 | D:5      | Entered Level 5 of the Dungeon
  3515 | D:5      | Found a deep blue altar of Sif Muna.
  3753 | D:5      | Found an ancient bone altar of Kikubaaqudgha.
  3876 | D:5      | Found a glowing golden altar of the Shining One.
  3903 | D:5      | HP: 1/96 [ice beast (13)]
  3904 | D:5      | Reached XP level 8. HP: 1/71 MP: 7/7
  4618 | D:5      | Reached **** piety under Trog
  5049 | D:6      | Found a bloodstained altar of Trog.
  5110 | D:6      | Noticed Menkaure
  5117 | D:6      | Killed Menkaure
  5152 | D:6      | Noticed Prince Ribbit
  5170 | D:6      | Killed Prince Ribbit
  5295 | D:6      | Found a runed door.
  5299 | D:6      | Noticed Crazy Yiuf
  5306 | D:6      | Killed Crazy Yiuf
  5485 | D:6      | Reached XP level 9. HP: 47/81 MP: 8/8
  6953 | D:7      | Reached ***** piety under Trog
  7218 | D:8      | Reached XP level 10. HP: 60/91 MP: 9/9
  8151 | D:8      | Reached skill level 10 in Axes
  8280 | D:8      | Noticed a three-headed hydra
  8287 | D:8      | Killed a seven-headed hydra
  8287 | D:8      | Reached skill level 10 in Fighting
  8582 | D:8      | Received a gift from Trog
  8761 | D:9      | Reached skill level 10 in Armour
  8771 | D:9      | Noticed Psyche
  8775 | D:9      | Cast into level 1 of the Abyss (Psyche)
  8775 | Abyss:1  | Found a corrupted altar of Lugonu.
  8778 | Abyss:1  | Found a corrupted altar of Lugonu.
  8870 | Abyss:1  | Noticed a guardian serpent
  8870 | Abyss:1  | Noticed a naga warrior
  8870 | Abyss:1  | Noticed a salamander
  8881 | Abyss:1  | Killed a guardian serpent
  8883 | Abyss:1  | Killed a salamander
  8890 | Abyss:1  | Killed a naga warrior
  8890 | Abyss:1  | Reached XP level 11. HP: 24/101 MP: 10/10
  8989 | Abyss:1  | Noticed a rakshasa
  8996 | Abyss:1  | Noticed an unseen horror
  9004 | Abyss:1  | Killed an unseen horror
  9004 | Abyss:1  | Received a gift from Trog
  9011 | Abyss:1  | Gained mutation: You are occasionally teleported next to monsters. [a neqoxec]
  9025 | Abyss:1  | Blown up by an eye of devastation

Vault maps used:
D:1:      minmay_arrival_stair_chambers
D:2:      chequers_temple_overflow_minitemple,
          nemelex_xobeh_ov_fountains_minmay, first_bread, uniq_natasha,
          uniq_jessica
D:4:      minmay_temple_entry_junction_2, minmay_misc_feat_pillars,
          uniq_eustachio, uniq_sigmund
D:5:      nicolae_tso_carved_into_rock, nicolae_overflow_hidden_temple,
          lemuel_crystal_altar
D:6:      nicolae_overflow_crystal_walls, uniq_menkaure,
          uniq_crazy_yiuf_cottage, uniq_prince_ribbit1
D:8:      hangedman_ranch
D:9:      old_standard_altar, david_orc_2, uniq_joseph, uniq_psyche

Skill      XL: |  1  2  3  4  5  6  7  8  9 10 |
---------------+-------------------------------+-----
Axes           | 4 5 6 8 9 10 | 10.9
Fighting       | 4 5 6 7 9 10 | 10.9
Armour         | 3 4 5 7 9 10 | 10.6
Dodging        | 3 4 5 6 8 9 |  9.7

Action                   |  1- 3 |  4- 6 |  7- 9 | 10-12 || total
-------------------------+-------+-------+-------+-------++-------
Melee: Hand axe          |    57 |   115 |   377 |     5 ||   554
       Headbutt          |    12 |    19 |    76 |    37 ||   144
       War axe           |       |       |       |   118 ||   118
       Battleaxe         |       |       |       |     7 ||     7
Invok: Berserk           |     1 |     3 |     5 |     3 ||    12
       Burn Spellbooks   |       |     1 |       |       ||     1
       Trog's Hand       |       |     1 |       |     1 ||     2
  Use: Scroll            |       |       |     5 |       ||     5
  Eat: Chunk             |     2 |     7 |    30 |    10 ||    49
       Royal jelly       |       |     1 |       |       ||     1
Armor: Ring mail         |    16 |    41 |    22 |       ||    79
       Scale mail        |       |       |    27 |       ||    27
       Fire dragon scale |       |       |    73 |    38 ||   111
Dodge: Dodged            |    31 |    76 |   245 |    71 ||   423
